 Dungeon Crawl Stone Soup version 0.17.1-3-g152610e (webtiles) character file.

96430 moxian the Nimble (level 16, 0/120 HPs)
             Began as a Human Wanderer on Apr 19, 2016.
             Was the Champion of Nemelex Xobeh.
             Slain by an eight-headed hydra (13 damage)
             ... on level 5 of the Lair of Beasts.
             The game lasted 03:35:06 (33354 turns).

moxian the Nimble (Human Wanderer)                 Turns: 33354, Time: 03:35:06

Health: 0/120      AC: 23    Str: 18    XL:     16   Next: 66%
Magic:  24/25      EV: 20    Int: 21    God:    Nemelex Xobeh [******]
Gold:   2432       SH:  0    Dex: 17    Spells: 1 memorised, 26 levels left

rFire  x . .     SeeInvis +     b - +11 morningstar of the Whale {pain, +Rage rN+ Int+4}
rCold  + + +     Clarity  .     t - +8 ring mail of Gehenna {*Drain rC+ rN+}
rNeg   + + .     SustAt   .     (no shield)
rPois  +         Gourm    .     p - +2 hat {SInv}
rElec  .         Spirit   .     G - +0 cloak {rC+}
rCorr  .         Warding  .     P - +1 pair of gloves
rMut   .         Stasis   .     S - +1 pair of boots {run}
MR     +....                    R - amulet of regeneration
Stlth  +++++.....               W - ring "Darghiyng" {Ice +Inv rPois}
                                u - ring of Loshannu {Str+5 Int+2 Stlth+}

@: very slightly contaminated, invisible, quick, somewhat resistant to hostile
enchantments, quite stealthy
A: MP-powered wands
a: Triple Draw, Deal Four, Stack Five, Renounce Religion, Evoke Berserk Rage,
Turn Visible


You were on level 5 of the Lair of Beasts.
You worshipped Nemelex Xobeh.
Nemelex Xobeh was exalted by your worship.
You were hungry.

You visited 5 branches of the dungeon, and saw 27 of its levels.
You also visited: Ice Cave.

You collected 2604 gold pieces.
You spent 172 gold pieces at shops.

Inventory:

Hand Weapons
 a - the +12 rapier "Human's Regret" {antimagic, +Blink +Inv rF++}
   (You found it on level 7 of the Dungeon)

   It disrupts the flow of magical energy around spellcasters and certain
   magical creatures (including the wielder).
   It greatly protects you from fire.
   It lets you turn invisible.
   It lets you blink.
 b - the +11 morningstar of the Whale (weapon) {pain, +Rage rN+ Int+4}
   (You found it on level 3 of the Lair of Beasts)

   In the hands of one skilled in necromantic magic, it inflicts extra damage on
   living creatures.
   It affects your intelligence (+4).
   It protects you from negative energy.
   It lets you go berserk.
Missiles
 s - 7 poisoned javelins
 N - 5 throwing nets
 Z - 6 javelins (quivered)
Armour
 p - a +2 hat of see invisible (worn)
 t - the +8 ring mail of Gehenna (worn) {*Drain rC+ rN+}
   (You found it on level 7 of the Dungeon)

   It protects you from cold.
   It protects you from negative energy.
   It causes draining when unequipped.
 G - a +0 cloak of cold resistance (worn)
 P - a +1 pair of gloves (worn)
 S - a +1 pair of boots of running (worn)
Jewellery
 u - the ring of Loshannu (left hand) {Str+5 Int+2 Stlth+}
   (You acquired it on level 1 of the Orcish Mines)

   [ring of strength]

   It affects your strength (+5).
   It affects your intelligence (+2).
   It makes you more stealthy.
 x - an uncursed ring of protection from cold
 B - an uncursed ring of protection from fire
 H - an uncursed amulet of rage
 R - an amulet of regeneration (around neck)
 W - the ring "Darghiyng" (right hand) {Ice +Inv rPois}
   (You found it on level 6 of the Lair of Beasts)

   [ring of ice]

   It enhances your ice magic, and weakens your fire magic.
   It makes you vulnerable to fire.
   It protects you from cold.
   It protects you from poison.
   It lets you turn invisible.
Wands
 d - a wand of confusion (28)
 e - a wand of draining (9)
 i - a wand of paralysis (14)
 k - a wand of disintegration (0)
 Q - a wand of fire (2)
 V - a wand of teleportation (4)
Scrolls
 f - 11 scrolls of teleportation
 h - a scroll of fear
 l - a scroll of vulnerability
 J - a scroll of identify
 U - 2 scrolls of fog
Potions
 m - 4 potions of heal wounds
 z - 4 potions of haste
 C - 3 potions of flight
 K - a potion of cancellation
 L - 3 potions of curing
 Y - 6 potions of agility
Miscellaneous
 c - a legendary deck of destruction
 g - a legendary deck of war
 n - an ornate deck of escape {the Banshee, left: 5}
 q - a legendary deck of escape
 r - a plain deck of escape {Warpwright, left: 4}
 y - a legendary deck of destruction
 D - a legendary deck of war
 E - a phial of floods
 F - a legendary deck of destruction
 I - a legendary deck of destruction {drawn: 6}
 T - a sack of spiders {used: 1}
 X - an ornate deck of war {drawn: 1}
Comestibles
 j - 7 fruits
 o - 16 bread rations
 v - 15 royal jellies
 w - a slice of pizza
 A - 4 chunks of flesh
 O - 9 meat rations


   Skills:
 + Level 9.4 Fighting
 + Level 12.1 Short Blades
   Level 1.0(7.9) Long Blades
   Level 0.4(5.0) Axes
 * Level 5.7 Maces & Flails
   Level 5.5 Polearms
 + Level 2.1 Throwing
 * Level 9.4 Armour
 * Level 12.9 Dodging
 + Level 10.1 Stealth
   Level 1.0 Shields
 + Level 1.1 Unarmed Combat
 + Level 6.5 Spellcasting
 + Level 7.0 Charms
 - Level 1.0 Air Magic
 * Level 9.9 Evocations


You had 26 spell levels left.
You knew the following spells:

 Your Spells              Type           Power        Failure   Level  Hunger
a - Swiftness             Chrm/Air       ###.....     4%          2    None


Dungeon Overview and Level Annotations

Branches:
Dungeon (14/15)            Temple (1/1) D:7            Lair (7/8) D:9
 Shoals (0/4) Lair:6       Spider (1/4) Lair:6        Slime (0/6) Lair:6
    Orc (4/4) D:10            Elf (0/3) Orc:3        Vaults (0/5) D:14

Altars:
Ashenzari
Cheibriados
Dithmenos
Elyvilon
Fedhas
Gozag
Kikubaaqudgha
Makhleb
Nemelex Xobeh
Okawaru
Qazlal
Ru
Sif Muna
Trog
Vehumet
Xom
Yredelemnul
Zin
The Shining One
Beogh
Jiyva

Shops:
Orc:4 }[(*

Annotations:
D:5 1 runed door, exclusion: door


Innate Abilities, Weirdness & Mutations

You expend magic power (3 MP) to strengthen your wands.


Message History

* * * LOW HITPOINT WARNING * * *
The eight-headed hydra completely misses you.
The eight-headed hydra misses you. The eight-headed hydra bites you!
* * * LOW HITPOINT WARNING * * *
The eight-headed hydra completely misses you.
The eight-headed hydra bites you!
* * * LOW HITPOINT WARNING * * *
The eight-headed hydra barely misses you.
Okay, then.
You are too injured to fight recklessly!
You barely miss the eight-headed hydra.
The eight-headed hydra is almost dead.
The eight-headed hydra barely misses you.
The eight-headed hydra closely misses you.
The eight-headed hydra completely misses you.
The eight-headed hydra bites you.
* * * LOW HITPOINT WARNING * * *
The eight-headed hydra bites you!
You die...
Your body glows with a rainbow of weird colours and disappears.

.........###......##.........##..
........##.......##..⌠..>..⌠..##.
.........#..............(.......#
........###..<..........⌠.......#
........###....#...........#.....
..##...###.#...#..⌠..#........⌠..
...#####.....##......#..⌠...#....
.....[#..#..###D.....#..?..#.....
P.###.......# #.@...##......#....
### ##......# ##'#+###.....##.+#+
##.....####.#.####.#.#......
##......#.....# #..........
#.#..P##....### ###.###....
###.......### #.# ##.##
#........# ### #.## ##.....P##
#.# #.....## ###


You could see an eight-headed hydra.

Vanquished Creatures
  Gastronok (D:9)
  Kirke (D:12)
  A frost giant (IceCv)
  An orc warlord (Orc:4)
  Harold (D:11)
  9 hydras
  Erica (D:10)
  3 centaur warriors
  8 death yaks
  5 orc high priests (Orc:4)
  6 skeletal warriors (D:13)
  A deep troll (D:13)
  4 hill giants
  4 orc knights (Orc:4)
  3 ugly things
  A wolf spider (Lair:6)
  5 orc sorcerers (Orc:4)
  4 oklob plants (Lair:7)
  2 griffons (D:14)
  2 cyclopes (D:12)
  2 black mambas
  20 elephants
  Joseph (D:9)
  A siren (Lair:6)
  An ice statue (IceCv)
  A torpor snail (Lair:7)
  4 spiny frogs
  9 komodo dragons
  An efreet (D:14)
  2 fire drakes
  A deep elf priest (D:14)
  5 trolls
  5 two-headed ogres
  17 polar bears
  10 blink frogs
  A trapdoor spider zombie (D:13)
  10 slime creatures
  4 deep elf magi
  2 boulder beetles (Lair:6)
  A tarantella (Lair:6)
  2 wyverns
  A shadow (D:14)
  A wraith (D:10)
  47 yaks
  4 vampire mosquitoes (D:14)
  Eustachio (D:5)
  11 hippogriffs
  A steam dragon (D:12)
  A deep elf fighter (D:14)
  4 wargs (Orc:1)
  2 basilisks
  2 hungry ghosts (D:14)
  2 insubstantial wisps (D:12)
  14 wolves
  51 orc warriors
  A soldier ant (D:13)
  9 porcupines
  14 water moccasins
  5 sky beasts
  3 black bears
  2 centaurs
  12 ice beasts
  15 ogres
  19 crocodiles
  3 big kobolds
  A brain worm (D:14)
  15 giant frogs
  2 wyvern zombies
  9 scorpions
  A wyvern skeleton (D:6)
  2 killer bees
  6 wights
  A quasit (D:12)
  4 crimson imps
  A giant frog zombie (D:13)
  2 centaur zombies
  10 jellies
  44 orc priests
  A wasp zombie (D:13)
  6 centaur skeletons
  6 hounds
  16 worker ants
  9 iguanas
  6 hell rats (Lair:5)
  31 orc wizards
  A killer bee zombie (D:8)
  8 sheep (Lair:2)
  Robin (D:2)
  15 adders
  7 gnolls (D:4)
  49 river rats
  6 shadow imps
  7 oozes
  An adder skeleton (D:5)
  A worm (D:4)
  4 giant geckos
  249 orcs
  2 bat zombies (D:9)
  8 giant cockroaches
  14 goblins
  6 hobgoblins
  26 jackals
  7 quokkas
  13 bats
  A giant cockroach zombie (D:6)
  A giant gecko zombie (D:5)
  3 giant newts
  2 jackal zombies
  37 kobolds
  A quokka zombie (D:8)
  6 rats
  A rat zombie (D:9)
  A fungus (D:9)
1039 creatures vanquished.

Vanquished Creatures (collateral kills)
  2 vault guards (D:14)
  An orc high priest (Orc:4)
  2 skeletal warriors (D:13)
  A cyclops (D:14)
  A centaur zombie (D:14)
  A black mamba (Lair:4)
  3 slime creatures (D:14)
  2 blink frogs (Lair:2)
  A mottled dragon (D:8)
  2 crocodiles (Lair:6)
  3 giant frogs
  A crimson imp (D:14)
  An orc priest (Orc:4)
  5 orcs
  A kobold (D:8)
27 creatures vanquished.

Vanquished Creatures (others)
  3 humans (D:12)
  A giant frog skeleton (D:12)
  2 orcs (Orc:4)
  16 fungi
  10 plants
32 creatures vanquished.

Grand Total: 1098 creatures vanquished

Notes
Turn   | Place    | Note
--------------------------------------------------------------
     0 | D:1      | moxian the Human Wanderer began the quest for the Orb.
     0 | D:1      | moxian set off with: a +0 leather armour, 2 throwing nets, a potion of lignification, a scroll of teleportation, a +0 club, a +0 dagger, a bread ration
     0 | D:1      | Reached XP level 1. HP: 16/16 MP: 1/1
   219 | D:1      | Reached XP level 2. HP: 22/22 MP: 2/2
   769 | D:2      | Reached XP level 3. HP: 26/28 MP: 3/3
   889 | D:2      | Reached skill level 1 in Polearms
  1006 | D:2      | Noticed Robin
  1103 | D:2      | Reached XP level 4. HP: 12/34 MP: 4/4
  1332 | D:2      | Killed Robin
  1676 | D:2      | Reached skill level 3 in Dodging
  1866 | D:3      | Reached XP level 5. HP: 40/40 MP: 5/5
  2049 | D:3      | Found a sacrificial altar of Ru.
  2059 | D:3      | Became a worshipper of Ru the Awakened
  2191 | D:3      | Reached skill level 1 in Armour
  2488 | D:3      | Reached XP level 6. HP: 47/47 MP: 6/6
  2704 | D:3      | Found an opulent altar of Gozag.
  4064 | D:4      | Reached XP level 7. HP: 52/52 MP: 7/7
  4373 | D:4      | Reached skill level 4 in Dodging
  5007 | D:5      | Entered Level 5 of the Dungeon
  5034 | D:5      | Found a runed door.
  5044 | D:5      | Noticed Eustachio
  5049 | D:5      | Found a runed door.
  5065 | D:5      | Killed Eustachio
  5065 | D:5      | Reached XP level 8. HP: 30/60 MP: 8/8
  5363 | D:5      | Reached skill level 5 in Polearms
  5363 | D:5      | Reached skill level 1 in Throwing
  5363 | D:5      | Reached skill level 5 in Dodging
  5939 | D:5      | Found a blossoming altar of Fedhas.
  6689 | D:5      | Reached skill level 1 in Maces & Flails
  6708 | D:5      | Reached XP level 9. HP: 20/66 MP: 9/9
  7184 | D:6      | Found a shadowy altar of Dithmenos.
  7344 | D:6      | Learned a level 2 spell: Swiftness
  7374 | D:6      | Found a sparkling altar of Nemelex Xobeh.
  7374 | D:6      | Noticed a tengu warrior
  7374 | D:6      | Noticed a troll
  7439 | D:6      | Fell from the grace of Ru
  7439 | D:6      | Became a worshipper of Nemelex Xobeh the Trickster
  7568 | D:6      | Received a gift from Nemelex Xobeh
  8343 | D:6      | Reached skill level 1 in Charms
  8929 | D:7      | Reached skill level 5 in Fighting
  8942 | D:7      | Got an ichor-stained rapier
  8943 | D:7      | Identified the +12 rapier "Human's Regret" {antimagic, +Blink +Inv rF++} (You found it on level 7 of the Dungeon)
  8967 | D:7      | Reached skill level 6 in Dodging
  8989 | D:7      | Reached * piety under Nemelex Xobeh
  8990 | D:7      | Got a smoking ring mail
  8997 | D:7      | Reached skill level 1 in Spellcasting
  9011 | D:7      | Identified the +8 ring mail of Gehenna {*Drain rC+ rN+} (You found it on level 7 of the Dungeon)
  9040 | D:7      | Received a gift from Nemelex Xobeh
  9045 | D:7      | Found a staircase to the Ecumenical Temple.
  9075 | Temple   | Entered the Ecumenical Temple
  9107 | Temple   | Received a gift from Nemelex Xobeh
  9407 | D:7      | Found a white marble altar of Elyvilon.
  9682 | D:8      | Reached skill level 1 in Short Blades
  9734 | D:8      | Reached ** piety under Nemelex Xobeh
  9897 | D:8      | Reached XP level 10. HP: 71/74 MP: 4/12
 10308 | D:9      | Found a burning altar of Makhleb.
 10309 | D:9      | Noticed Joseph
 10331 | D:9      | Killed Joseph
 10331 | D:9      | Reached skill level 5 in Stealth
 10377 | D:9      | Found a staircase to the Lair.
 10408 | Lair:1   | Entered Level 1 of the Lair of Beasts
 10771 | Lair:1   | Reached skill level 5 in Armour
 10792 | Lair:1   | Noticed a black mamba
 10805 | Lair:1   | Killed a black mamba
 11068 | D:9      | Reached skill level 7 in Dodging
 11068 | D:9      | Reached XP level 11. HP: 81/81 MP: 5/15
 11334 | D:9      | Noticed Gastronok
 11362 | D:9      | Killed Gastronok
 11362 | D:9      | Reached skill level 5 in Short Blades
 11362 | D:9      | Reached skill level 5 in Charms
 11362 | D:9      | Reached skill level 5 in Evocations
 11531 | D:9      | Found an ancient bone altar of Kikubaaqudgha.
 11571 | D:10     | Entered Level 10 of the Dungeon
 11572 | D:10     | Noticed Erica
 11590 | D:10     | Killed Erica
 11695 | D:10     | Reached *** piety under Nemelex Xobeh
 11695 | D:10     | Received a gift from Nemelex Xobeh
 11797 | D:10     | Found a staircase to the Orcish Mines.
 11832 | Orc:1    | Entered Level 1 of the Orcish Mines
 12985 | Orc:1    | Identified a scroll of acquirement
 12988 | Orc:1    | Got a pitted lead ring
 12990 | Orc:1    | Identified the ring of Loshannu {Str+5 Int+2 Stlth+} (You acquired it on level 1 of the Orcish Mines)
 13105 | Orc:1    | Reached XP level 12. HP: 27/89 MP: 6/19
 13807 | Orc:3    | Found a staircase to the Elven Halls.
 14096 | Orc:3    | Reached skill level 5 in Spellcasting
 14230 | Orc:3    | Received a gift from Nemelex Xobeh
 14343 | Orc:4    | Entered Level 4 of the Orcish Mines
 14689 | Orc:4    | Reached skill level 8 in Dodging
 15371 | Orc:4    | Noticed an orc high priest
 15378 | Orc:4    | Killed an orc high priest
 15817 | Orc:4    | Noticed an orc high priest
 15832 | Orc:4    | Killed an orc high priest
 15832 | Orc:4    | Reached skill level 1 in Air Magic
 16139 | Orc:4    | Reached **** piety under Nemelex Xobeh
 16553 | Orc:4    | Found Yriron's Assorted Antiques.
 16554 | Orc:4    | Noticed an orc high priest
 16568 | Orc:4    | Killed an orc high priest
 16716 | Orc:4    | Noticed an orc warlord
 16717 | Orc:4    | Found a roughly hewn altar of Beogh.
 16729 | Orc:4    | Reached XP level 13. HP: 68/95 MP: 5/21
 16754 | Orc:4    | HP: 4/95 [orc priest/divine providence (16)]
 16778 | Orc:4    | Gained mutation: You expend magic power (3 MP) to strengthen your wands. [mutagenic glow]
 17051 | Orc:4    | Killed an orc warlord
 17118 | Orc:4    | Noticed an orc high priest
 17126 | Orc:4    | Noticed an orc high priest
 17172 | Orc:4    | Killed an orc high priest
 17479 | Orc:4    | Found Ovirawkups's Antique Weapon Emporium.
 17513 | Orc:4    | Killed an orc high priest
 17848 | Orc:4    | Noticed an orc high priest
 17861 | Orc:4    | Killed an orc high priest
 17903 | Orc:4    | Received a gift from Nemelex Xobeh
 18722 | Orc:4    | Found Nys Piso's Gadget Emporium.
 18735 | Orc:4    | Reached skill level 9 in Dodging
 18890 | Orc:4    | Found Kainooph's Armour Shoppe.
 18933 | Orc:4    | Bought a +1 pair of gloves for 172 gold pieces
 19121 | Orc:4    | Found a roughly hewn altar of Beogh.
 20314 | D:11     | Received a gift from Nemelex Xobeh
 20697 | D:11     | Noticed Harold
 20707 | D:11     | Killed Harold
 21170 | D:12     | Received a gift from Nemelex Xobeh
 21835 | D:12     | Reached ***** piety under Nemelex Xobeh
 21835 | D:12     | Received a gift from Nemelex Xobeh
 21967 | D:12     | Reached XP level 14. HP: 100/103 MP: 5/23
 21979 | D:12     | Noticed Kirke
 21996 | D:12     | Killed Kirke
 22225 | D:12     | Reached skill level 10 in Dodging
 22923 | D:13     | Received a gift from Nemelex Xobeh
 22982 | D:13     | Reached skill level 10 in Short Blades
 24384 | D:14     | Found a gate to the Vaults.
 24484 | D:14     | Found a blossoming altar of Fedhas.
 24702 | D:14     | Reached skill level 11 in Dodging
 24705 | D:14     | Reached XP level 15. HP: 45/110 MP: 8/24
 25058 | D:14     | Received a gift from Nemelex Xobeh
 25279 | D:14     | Received a gift from Nemelex Xobeh
 25884 | Lair:2   | Received a gift from Nemelex Xobeh
 25971 | Lair:2   | Identified a +0 pair of boots of running (You found it on level 2 of the Lair of Beasts)
 26958 | Lair:3   | Found a frozen archway.
 26975 | Lair:3   | Received a gift from Nemelex Xobeh
 27076 | IceCv    | Entered an ice cave
 27612 | IceCv    | Noticed a frost giant
 27640 | IceCv    | Killed a frost giant
 28031 | IceCv    | Got a slimy halberd
 28422 | Lair:3   | Reached skill level 12 in Short Blades
 28801 | Lair:3   | Reached ****** piety under Nemelex Xobeh
 28840 | Lair:3   | Received a gift from Nemelex Xobeh
 29004 | Lair:3   | Got a warped morningstar
 29005 | Lair:3   | Identified the +11 morningstar of the Whale {pain, +Rage rN+ Int+4} (You found it on level 3 of the Lair of Beasts)
 29395 | Lair:4   | Received a gift from Nemelex Xobeh
 29984 | Lair:4   | You fall through a shaft for 3 floors!
 29985 | Lair:7   | Received a gift from Nemelex Xobeh
 30156 | Lair:7   | Reached XP level 16. HP: 107/119 MP: 12/25
 30450 | Lair:7   | Received a gift from Nemelex Xobeh
 31228 | Lair:7   | Received a gift from Nemelex Xobeh
 31304 | Lair:7   | Reached skill level 10 in Stealth
 31481 | Lair:6   | Found a viscous altar of Jiyva.
 31481 | Lair:6   | Found a staircase to the Slime Pits.
 31654 | Lair:6   | Received a gift from Nemelex Xobeh
 31997 | Lair:6   | Found a staircase to the Shoals.
 32015 | Lair:6   | Reached skill level 5 in Maces & Flails
 32039 | Lair:6   | Found a hole to the Spider Nest.
 32204 | Lair:6   | Got a scintillating turquoise ring
 32206 | Lair:6   | Identified the ring "Darghiyng" {Ice +Inv rPois} (You found it on level 6 of the Lair of Beasts)
 32273 | Spider:1 | Entered Level 1 of the Spider Nest
 32447 | Lair:5   | Received a gift from Nemelex Xobeh
 32734 | Lair:5   | Received a gift from Nemelex Xobeh
 33354 | Lair:5   | Slain by an eight-headed hydra

Action                   |  1- 3 |  4- 6 |  7- 9 | 10-12 | 13-15 | 16-18 || total
-------------------------+-------+-------+-------+-------+-------+-------++-------
Melee: Spear             |   100 |   234 |   385 |       |       |       ||   719
       Flail             |       |       |   131 |       |       |       ||   131
       Quarterstaff      |       |       |     2 |       |       |       ||     2
       Rapier            |       |       |    54 |   779 |  1582 |    48 ||  2463
       Battleaxe         |       |       |    17 |       |       |       ||    17
       Morningstar       |       |       |       |       |   121 |   515 ||   636
Throw: Stone             |       |     3 |     5 |       |       |       ||     8
       Throwing net      |       |     4 |     1 |       |       |       ||     5
       Javelin           |       |     4 |     6 |       |    11 |     2 ||    23
       Tomahawk          |       |       |     9 |     5 |       |       ||    14
 Cast: Swiftness         |       |       |       |     2 |       |       ||     2
Invok: Reject Sacrifices |       |       |     1 |       |       |       ||     1
       Stack Five        |       |       |       |       |     1 |     1 ||     2
 Abil: Evoke Berserk Rag |       |       |     8 |    18 |    12 |     1 ||    39
       Evoke Invisibilit |       |       |       |     9 |    23 |     7 ||    39
Evoke: Deck              |       |       |     9 |    19 |    18 |     5 ||    51
       Wand              |       |       |     2 |     4 |     4 |       ||    10
       Phial of floods   |       |       |       |       |     1 |       ||     1
       Sack of spiders   |       |       |       |       |     1 |       ||     1
  Use: Scroll            |       |     3 |     6 |     8 |    16 |     1 ||    34
       Potion            |       |     3 |     2 |     1 |     4 |     1 ||    11
 Stab: Sleeping          |     6 |     7 |     9 |    31 |    47 |    12 ||   112
       Held in net/web   |       |       |     1 |       |       |       ||     1
       Invisible         |       |       |     2 |     9 |    39 |    17 ||    67
       Distracted        |       |       |       |     2 |     5 |     3 ||    10
  Eat: Chunk             |       |    10 |    26 |    39 |    60 |    20 ||   155
       Pizza             |       |       |       |       |     1 |       ||     1
       Beef jerky        |       |       |       |       |     1 |       ||     1
       Fruit             |       |       |       |       |     2 |       ||     2
